 Dungeon Crawl Stone Soup version 0.22-a0-782-g038298e (webtiles) character file.

7 Mgcat the Ruffian (level 2, -3/25 HPs)
             Began as a Naga Transmuter on July 20, 2018.
             Slain by a kobold
             ... wielding a +0 short sword
              (6 damage)
             ... on level 1 of the Dungeon.
             The game lasted 00:00:47 (245 turns).

Mgcat the Ruffian (Naga Transmuter)                  Turns: 245, Time: 00:00:48

Health: -3/25      AC:  1    Str: 12    XL:     2   Next: 4%
Magic:  4/5        EV: 10    Int: 13    God:
Gold:   27         SH:  0    Dex: 11    Spells: 4/5 levels left

rFire    . . .     SeeInvis +     - Unarmed
rCold    . . .     Gourm    .   (no shield)
rNeg     . . .     Faith    .   b - +0 robe
rPois    +         Spirit   .   (no helmet)
rElec    .         Reflect  .   (no cloak)
rCorr    .         Harm     .   (no gloves)
MR       .....                  (no barding)
Stlth    +.........             (no amulet)
HPRegen  0.08/turn              (no ring)
MPRegen  0.09/turn              (no ring)

@: about to teleport, appendage (expiring), very slow
A: large, horns 2, see invisible, deformed body, poison resistance, slowness 2,
slow metabolism 1, spit poison 1, AC +0
a: Spit Poison, End Transformation


You were on level 1 of the Dungeon.
You were not hungry.
You had grown temporary horns.
You visited 1 branch of the dungeon, and saw 1 of its levels.

You collected 27 gold pieces.

Inventory:

Missiles
 a - 12 arrows
Armour
 b - a +0 robe (worn)
Comestibles
 d - 2 rations
 f - a chunk of flesh {@w0}


   Skills:
 - Level 1.0 Fighting
 - Level 1.5 Dodging
 + Level 3.2 Unarmed Combat
 - Level 2.0 Spellcasting
 + Level 2.3 Transmutations


You had 4 spell levels left.
You knew the following spells:

 Your Spells              Type           Power        Failure   Level  Hunger
a - Beastly Appendage     Tmut           #.....       10%         1    ##.....

Your spell library contained the following spells:

 Spells                   Type           Power        Failure   Level  Hunger
 Spider Form              Tmut/Pois      #.........   43%         3    ####...
 Blade Hands              Tmut           #.........   95%         5    ######.
 Ice Form                 Ice/Tmut       #.......     83%         4    #####..
 Sticks to Snakes         Tmut           #.......     14%         2    ###....


Dungeon Overview and Level Annotations

Branches:
Dungeon (1/15)

Altars:


Innate Abilities, Weirdness & Mutations

You cannot wear boots.
Your serpentine skin is tough. (AC +0)
You have supernaturally acute eyesight. (SInv)
Armour fits poorly on your strangely shaped body.
Your system is resistant to poisons. (rPois)
You cover ground very slowly.
You have a slow metabolism.
You can spit poison.
You have a pair of horns on your head.


Message History

You hit the kobold.
You kill the kobold!
You closely miss the kobold. The kobold barely misses you.
You hit the kobold but do no damage. The kobold hits you.
You are too injured to fight recklessly!
You are too injured to fight recklessly!
You hit the kobold but do no damage. The kobold hits you.
You hit the kobold.
You kill the kobold!
Your horns disappear.
HP restored.
c - a scroll labeled ZESICO RUAR You see here 21 stones.
Key pressed, stopping explore.
Okay, then.
A leopard gecko comes into view.
The leopard gecko hisses angrily.
The leopard gecko closely misses you.
You miss the leopard gecko. The leopard gecko misses you.
You hit the leopard gecko.
You kill the leopard gecko!
d - 2 rations (gained 1)
A rat comes into view.
The rat misses you.
You closely miss the rat. The rat closely misses you.
You barely miss the rat. The rat bites you.
You hit the rat.
The rat is heavily wounded.
The rat closely misses you.
You barely miss the rat.
The rat is heavily wounded.
The rat barely misses you.
You closely miss the rat.
The rat is heavily wounded.
The rat closely misses you.
You hit the rat.
You kill the rat!
No target in view!
You butcher the rat corpse.
f - a chunk of flesh {@w0} A frilled lizard comes into view.
A jackal comes into view.
The frilled lizard hisses angrily.
A kobold comes into view. It is wielding a short sword.
The jackal barely misses you. The frilled lizard bites you.
The kobold moves out of view.
You hit the jackal but do no damage. The jackal bites you.
The frilled lizard bites you.
You are too injured to fight recklessly!
The jackal barely misses you.
Press: ? - help, Shift-Dir - straight line, f - frilled lizard
Aim: a frilled lizard You fail to use your ability.
The jackal bites you but does no damage.
The jackal bites you.
You barely miss the jackal.
The jackal bites you but does no damage.
Casting: Beastly Appendage (safe; 10% risk of failure)
Confirm with . or Enter, or press ? or * to list all spells.
You grow a pair of large bovine horns.
The jackal barely misses you. The jackal barely misses you. x2
You barely miss the jackal. The jackal misses you.
You miss the jackal. Your headbutt misses the jackal.
The jackal bites you but does no damage.
You closely miss the jackal. The jackal closely misses you. x2
You hit the jackal.
The jackal is heavily wounded.
The jackal barely misses you.
You hit the jackal.
You kill the jackal!
You have reached level 2!
You hit the frilled lizard.
You kill the frilled lizard!
You hit the kobold but do no damage. Your headbutt misses the kobold.
You hit the kobold. Your headbutt misses the kobold.
The kobold is moderately wounded.
The kobold hits you with a short sword.
You closely miss the kobold.
The kobold is moderately wounded.
The kobold hits you with a short sword.
You miss the kobold. Your headbutt misses the kobold.
The kobold is moderately wounded.
Your transformation is almost over.
The kobold hits you with a short sword.
You completely miss the kobold.
The kobold is moderately wounded.
The kobold closely misses you.
You miss the kobold.
The kobold is moderately wounded.
The kobold hits you with a short sword.
* * * LOW HITPOINT WARNING * * *
You closely miss the kobold.
The kobold is moderately wounded.
The kobold closely misses you.
You aren't carrying any potions.
Unknown command.
As you read the scroll labeled ZESICO RUAR, it crumbles to dust.
You feel strangely unstable.
It was a scroll of teleportation.
The kobold hits you with a short sword.
You die...

##.#.............
#............#
##...........#### #.
#...##.#..#....#
#..#####..##.##.###.####
##....##..##.##.........
#.........##.###.##.####
....#####...##.#
#..#.#### ...
#...#@.[##.# ##.#..... .
#K...##.# #..#####
#...#...##.# ##.#
#####...##.# #.#
...###.# #.# ...# #.#
#### #.


You could see a kobold.

Vanquished Creatures
  A leopard gecko (D:1)
  A jackal (D:1)
  2 kobolds (D:1)
  A bat (D:1)
  A frilled lizard (D:1)
  A rat (D:1)
7 creatures vanquished.

Notes
Turn   | Place    | Note
-------+----------+-------------------------------------------
     0 | D:1      | Mgcat the Naga Transmuter began the quest for the Orb.
     0 | D:1      | Reached XP level 1. HP: 18/18 MP: 3/3
   236 | D:1      | Reached XP level 2. HP: 16/25 MP: 3/5
   243 | D:1      | HP: 3/25 [kobold/short sword (5)]
   245 | D:1      | Slain by a kobold

Vault maps used:
D:1:      kennysheep_arrival_forest, serial_park_tiny_pond, minmay_distorted

Action                   || total
-------------------------++-------
Melee: Unarmed           ||    35
 Cast: Beastly Appendage ||     2
  Use: Scroll            ||     1
Armor: Robe              ||     6
Dodge: Dodged            ||    27

Table legend:
 A = Spawn XP
 B = Non-spawn XP
 C = Spawn XP percentage of total XP
 D = Spawn monster count
 E = Non-spawn monster count
 F = Spawn count percentage of total count
 G = Total turns spent on level
                    A         B        C        D         E        F      G
               +---------+---------+-------+---------+---------+-------+---------
         Total |       0 |      11 |   0.0 |       0 |       7 |   0.0 |   245
               +---------+---------+-------+---------+---------+-------+---------
           D:1 |       0 |      11 |   0.0 |       0 |       7 |   0.0 |   245
               +---------+---------+-------+---------+---------+-------+---------

Vault maps used:
D:1:      kennysheep_arrival_forest, serial_park_tiny_pond, minmay_distorted

Table legend:
 A = Turns spent in this place as a percentage of turns spent in the entire game.
 B = Non-inter-level travel turns spent in this place as a percentage of non-inter-level travel turns spent in the entire game.
 C = Inter-level travel turns spent in this place as a percentage of turns spent in this place.
 D = Turns resting spent in this place as a percentage of non-inter-level travel turns spent in this place.
 E = Turns spent auto-exploring this place as a percentage of non-inter-level travel turns spent in this place.
 F = Non-inter-level travel turns spent in this place divided by the number of levels of this place that you've seen.
                   A       B       C       D       E      F
               +-------+-------+-------+-------+-------+----------------------
         Total | 100.0 | 100.0 |   0.0 |   0.0 |  78.0 | 245.0
       Dungeon | 100.0 | 100.0 |   0.0 |   0.0 |  78.0 | 245.0
               +-------+-------+-------+-------+-------+----------------------

Table legend:
 A = Kills in this place as a percentage of kills in entire the game.
 B = Kills by you in this place as a percentage of kills by you in the entire game.
 C = Kills by friends in this place as a percentage of kills by friends in the entire game.
 D = Other kills in this place as a percentage of other kills in the entire game.
 E = Experience gained in this place as a percentage of experience gained in the entire game.
 F = Experience gained in this place divided by the number of levels of this place that you have seen.
                   A       B       C       D       E      F
               +-------+-------+-------+-------+-------+----------------------
         Total | 100.0 | 100.0 |   N/A |   N/A | 100.0 |  11.0
       Dungeon | 100.0 | 100.0 |   N/A |   N/A | 100.0 |  11.0
               +-------+-------+-------+-------+-------+----------------------
